 Dungeon Crawl Stone Soup version 0.21-a0-471-gd587bd5 (webtiles) character file.

435 Laiders the Chopper (level 6, -3/55 HPs)
             Began as a Deep Dwarf Fighter on Nov 21, 2017.
             Slain by an ogre
             ... wielding a +0 giant club
              (25 damage)
             ... on level 4 of the Dungeon.
             The game lasted 00:08:15 (3002 turns).

Laiders the Chopper (Deep Dwarf Fighter)            Turns: 3002, Time: 00:08:15

Health: -3/55      AC: 11    Str: 22    XL:     6   Next: 68%
Magic:  13/13      EV:  5    Int:  8    God:
Gold:   177        SH:  9    Dex: 12    Spells: 5/5 levels left

rFire    . . .     SeeInvis .   a - +0 war axe
rCold    . . .     Gourm    .   c - +0 shield
rNeg     . . .     Faith    .   h - +0 chain mail
rPois    .         Spirit   .   q - +0 helmet
rElec    .         Reflect  .   (no cloak)
rCorr    .         Harm     .   v - +0 pair of gloves
MR       +....                  (no boots)
Stlth    ..........             (no amulet)
HPRegen  0.00/turn              e - ring of protection from magic
MPRegen  0.13/turn              B - ring of magical power

@: non-regenerating
A: damage resistance, heal wounds, sense surroundings 1, no regeneration
a: Heal Wounds


You were on level 4 of the Dungeon.
You were not hungry.

You visited 1 branch of the dungeon, and saw 4 of its levels.

You collected 177 gold pieces.

Inventory:

Hand Weapons
 a - a +0 war axe (weapon)
Armour
 c - a +0 shield (worn)
 h - a +0 chain mail (worn)
 q - a +0 helmet (worn)
 v - a +0 pair of gloves (worn)
Jewellery
 e - a ring of protection from magic (left hand)
 B - a ring of magical power (right hand)
Scrolls
 g - 2 scrolls of blinking {unknown}
 j - 2 scrolls of teleportation
 s - a scroll of enchant armour {unknown}
 t - a scroll of identify
 u - a scroll of immolation {unknown}
 A - 2 scrolls of fear {unknown}
Potions
 i - a potion of berserk rage {unknown}
 l - a potion of resistance {unknown}
 m - a potion of degeneration {unknown}
 n - a potion of mutation {unknown}
 o - 2 potions of agility
 p - 5 potions of curing
 r - a potion of brilliance
 x - 2 potions of cancellation
 z - a potion of invisibility {unknown}
Books
 w - a book of Callings

   Spells                             Type                      Level
   a - Summon Small Mammal            Summoning                    1
   b - Call Imp                       Summoning                    2
   c - Call Canine Familiar           Summoning                    3
   d - Summon Guardian Golem          Hexes/Summoning              3
   e - Summon Lightning Spire         Summoning/Air                4
   f - Summon Ice Beast               Ice/Summoning                4
 y - a book of Minor Magic

   Spells                             Type                      Level
   a - Magic Dart                     Conjuration                  1
   b - Blink                          Translocation                2
   c - Call Imp                       Summoning                    2
   d - Slow                           Hexes                        2
   e - Conjure Flame                  Conjuration/Fire             3
   f - Mephitic Cloud                 Conjuration/Poison/Air       3
Comestibles
 b - a royal jelly
 d - 3 chunks of flesh
 f - 4 bread rations
 k - 4 meat rations


   Skills:
 - Level 2.7 Fighting
 + Level 7.9 Axes
 - Level 3.3 Armour
 - Level 3.3 Shields


You had 5 spell levels left.
You didn't know any spells.

Dungeon Overview and Level Annotations

Branches:
Dungeon (4/15)
 Temple: D:4-7

Altars:
Uskayaw


Innate Abilities, Weirdness & Mutations

You are resistant to damage.
You can heal yourself by infusing magical energy.
You passively map a small area around you.
You do not regenerate.


Message History

The ogre is moderately wounded.
You block the ogre's attack.
Your shield and chain mail prevent you from hitting the ogre.
The ogre is moderately wounded.
The ogre hits you with a giant club!
You closely miss the ogre.
The ogre is moderately wounded.
You barely miss the ogre.
The ogre is moderately wounded.
The ogre closely misses you.
You closely miss the ogre.
The ogre is moderately wounded.
The ogre closely misses you.
You hit the ogre.
The ogre is heavily wounded.
The ogre barely misses you.
You hit the ogre but do no damage.
The ogre is heavily wounded.
The ogre hits you with a giant club!!
You die...

, #..
#..#.#.#.#.## *
#.##..........#
#..#..#.#.#.#.#
#.............#**
##.#..#.#.#.#.#
#............#
##....###.##### *
###..#......### ,
##...######.@O.#
* * ##...##
#####...#
###..### **##..
##...## * *
....## * * #..##
##.## #..# ##.#


You could see an ogre.

Vanquished Creatures
  The ghost of EnegeticOcto the Skirmisher, an amateur OgAM (D:3)
  A howler monkey (D:4)
  An orc wizard (D:3)
  Jessica (D:2)
  Robin (D:2)
  4 gnolls (D:4)
  4 adders
  An ooze (D:3)
  A worm (D:2)
  A dart slug (D:2)
  5 leopard geckos
  8 orcs
  A giant cockroach (D:3)
  13 goblins
  8 hobgoblins
  5 jackals
  11 kobolds
  A quokka (D:4)
  3 ball pythons (D:3)
  4 bats
  2 frilled lizards
  5 rats
82 creatures vanquished.

Notes
Turn   | Place    | Note
-------+----------+-------------------------------------------
     0 | D:1      | Laiders the Deep Dwarf Fighter began the quest for the Orb.
     0 | D:1      | Reached XP level 1. HP: 20/20 MP: 1/1
   192 | D:1      | Reached XP level 2. HP: 16/27 MP: 2/2
   461 | D:1      | Reached skill level 3 in Axes
  1082 | D:2      | Noticed Jessica
  1091 | D:2      | Killed Jessica
  1091 | D:2      | Reached skill level 4 in Axes
  1091 | D:2      | Reached XP level 3. HP: 22/33 MP: 3/3
  1111 | D:2      | Noticed Robin
  1117 | D:2      | Killed Robin
  1118 | D:2      | Reached XP level 4. HP: 16/40 MP: 4/4
  1476 | D:2      | Reached skill level 5 in Axes
  2034 | D:3      | Noticed EnegeticOcto's ghost (amateur OgAM)
  2048 | D:3      | Killed EnegeticOcto's ghost
  2048 | D:3      | Reached skill level 6 in Axes
  2048 | D:3      | Reached XP level 5. HP: 32/46 MP: 4/4
  2048 | D:3      | Reached XP level 6. HP: 38/55 MP: 5/5
  2071 | D:3      | Reached skill level 7 in Axes
  2416 | D:3      | Noticed a dagger
  2417 | D:3      | Found a hide-covered altar of Uskayaw.
  2417 | D:3      | Noticed a hand axe
  3002 | D:4      | Slain by an ogre

Vault maps used:
D:1:      dpeg_arrival_pits
D:2:      minmay_misc_feat_tower, uniq_jessica, uniq_robin
D:3:      dancing_weapons_uskayaw
D:4:      grunt_dithmenos_shadows, serial_glass, glass_columns_a,
          glass_columns_c, due_unseen_surprise, feat_on_display,
          kennysheep_small_spiral, vehumet_altar_wand_db

Skill      XL: |  1  2  3  4  5  6 |
---------------+-------------------+-----
Axes           | 4 6 7 |  7.9
Fighting       | |  2.7
Armour         | |  3.3
Shields        | |  3.3

Action                   |  1- 3 |  4- 6 || total
-------------------------+-------+-------++-------
Melee: War axe           |    72 |   152 ||   224
 Abil: Heal Wounds       |     1 |     4 ||     5
  Use: Potion            |       |     1 ||     1
       Scroll            |       |     7 ||     7
  Eat: Chunk             |       |     7 ||     7
Armor: Scale mail        |    31 |       ||    31
       Chain mail        |    29 |    64 ||    93
Dodge: Dodged            |    18 |    24 ||    42
Block: Shield            |    48 |    65 ||   113

Table legend:
 A = Spawn XP
 B = Non-spawn XP
 C = Spawn XP percentage of total XP
 D = Spawn monster count
 E = Non-spawn monster count
 F = Spawn count percentage of total count
 G = Total turns spent on level
                    A         B        C        D         E        F      G
               +---------+---------+-------+---------+---------+-------+---------
         Total |       0 |     622 |   0.0 |       0 |      82 |   0.0 |  3002
               +---------+---------+-------+---------+---------+-------+---------
           D:1 |       0 |      28 |   0.0 |       0 |      16 |   0.0 |  1082
           D:2 |       0 |     124 |   0.0 |       0 |      26 |   0.0 |   791
           D:3 |       0 |     339 |   0.0 |       0 |      32 |   0.0 |   955
           D:4 |       0 |     131 |   0.0 |       0 |       8 |   0.0 |   174
               +---------+---------+-------+---------+---------+-------+---------
